 Dungeon Crawl Stone Soup version 0.30-a0-632-g346586fe48 (webtiles) character file.

Game seed: 17916815462071401383

6713 Mitcholas the Skirmisher (level 10, -12/60 HPs)
             Began as a Deep Elf Hunter on Jan 13, 2023.
             Was a Priest of Okawaru.
             Mangled by a white ugly thing (17 damage)
             ... on level 8 of the Dungeon.
             The game lasted 00:33:06 (8747 turns).

Mitcholas the Skirmisher (Deep Elf Hunter)          Turns: 8747, Time: 00:33:07

Health: -12/60     AC:  5    Str:  6    XL:     10   Next: 74%
Magic:  4/4        EV: 24    Int: 15    God:    Okawaru [***...]
Gold:   175        SH:  5    Dex: 26    Spells: 9/9 levels left

rFire   + + .      SeeInvis .    q - +10 longbow "Raclao" {antimagic, rPois rF+ Str-2 Dex+4}
rCold   . . .      Faith    .    (shield currently unavailable)
rNeg    . . .      Spirit   .    v - +2 leather armour {rF+}
rPois   +          Reflect  +    (no helmet)
rElec   .          Harm     .    (no cloak)
rCorr   .          Rampage  .    (no gloves)
Will    +....                    (no boots)
Stlth   +++                      g - amulet of reflection
HPRegen 0.30/turn                t - ring of poison resistance
MPRegen 0.09/turn                l - +5 ring of evasion

@: no status effects
A: no striking features
a: Renounce Religion, Heroism


You were on level 8 of the Dungeon.
You worshipped Okawaru.
Okawaru was most pleased with you.
You visited 1 branch of the dungeon, and saw 9 of its levels.

You collected 565 gold pieces.
You spent 390 gold pieces at shops.

Inventory:

Hand Weapons
 a - a +1 shortbow
 q - the +10 longbow "Raclao" (weapon) {antimagic, rPois rF+ Str-2 Dex+4}
   (You acquired it on level 9 of the Dungeon)

   Str:       It affects your strength (-2).
   Dex:       It affects your dexterity (+4).
   rF:        It protects you from fire.
   rPois:     It protects you from poison.
Missiles
 e - 2 throwing nets
Armour
 v - a +2 leather armour of fire resistance (worn)
Jewellery
 g - an amulet of reflection (around neck)
 l - a +5 ring of evasion (right hand)
 t - a ring of poison resistance (left hand)
 y - a ring of resist corrosion
Wands
 C - a wand of digging (12)
 I - a wand of flame (15)
Scrolls
 b - 5 scrolls of immolation
 d - a scroll of amnesia
 j - 2 scrolls of enchant weapon
 k - 6 scrolls of teleportation
 m - 3 scrolls of fear
 o - a scroll of vulnerability {unknown}
 w - 2 scrolls of blinking
 z - a scroll of poison
Potions
 c - a potion of resistance
 f - 2 potions of might
 h - 2 potions of magic
 i - a potion of mutation {unknown}
 n - 3 potions of flight
 p - a potion of haste {unknown}
 r - a potion of heal wounds
 s - 2 potions of degeneration
 u - a potion of curing {unknown}
 A - a potion of berserk rage {unknown}
 B - a potion of brilliance {unknown}
 D - a potion of invisibility {unknown}
 E - a potion of ambrosia {unknown}
 G - a potion of lignification {unknown}
Miscellaneous
 J - a lightning rod (inert)


   Skills:
 + Level 6.0 Fighting
 * Level 13.9 Ranged Weapons
 - Level 4.0 Armour
 + Level 8.7 Dodging
 - Level 4.0 Stealth
 + Level 3.0 Invocations
 - Level 6.0 Evocations


You had 9 spell levels left.
You didn't know any spells.
Your spell library contained the following spells:

 Spells                   Type           Power      Damage    Failure   Level
 Static Discharge         Conj/Air       0%         2-2/arc   52%         2
 Sublimation of Blood     Necr           0%         N/A       52%         2
 Wereblood                Tmut           0%         N/A       52%         2
 Inner Flame              Hex/Fire       0%         N/A       77%         3
 Vhi's Electric Charge    Tloc/Air       0%         N/A       77%         3
 Flame Wave               Conj/Fire      0%         2d4       99%         4
 Sticky Flame             Conj/Fire      0%         2d3       99%         4
 Arcjolt                  Conj/Air       0%         1d10      100%        5
 Lightning Bolt           Conj/Air       0%         1d11      100%        5
 Summon Hydra             Summ           Unusable   N/A       N/A         7

Dungeon Overview and Level Annotations

Branches:
Dungeon (9/15)             Temple (0/1) D:7
   Lair: D:8-11         Orc: D:9-12

Altars:
Ashenzari
Fedhas
Nemelex Xobeh
Okawaru
Zin

Shops:
D:6 =

Annotations:
D:5 3 runed translucent doors, Vylera's ghost, novice DjWn
D:8 Maurice


Message History

You shoot an arrow. The arrow hits the white ugly thing!
The white ugly thing is moderately wounded.
You shoot an arrow.
The arrow hits the white ugly thing but does no damage.
The white ugly thing is moderately wounded.
You block the white ugly thing's attack.
You shoot an arrow. The arrow hits the white ugly thing!!
The white ugly thing is heavily wounded.
You hear a roar!
The white ugly thing closely misses you.
You shoot an arrow. The arrow hits the white ugly thing.
The white ugly thing is severely wounded.
The white ugly thing completely misses you.
You shoot an arrow.
The arrow hits the white ugly thing but does no damage.
The white ugly thing is severely wounded.
An acid dragon comes into view.
The white ugly thing pecks you. The white ugly thing freezes you!!
Ouch! That really hurt!
You are too injured to fight recklessly!
Okay, then.
Aiming: Thunderbolt
Press: ? - help, Shift-Dir - straight line, f - acid dragon, p - white ugly thing
Aim: an acid dragon The thunderbolt hits the white ugly thing.
The white ugly thing is severely wounded.
The thunderbolt hits the acid dragon!
The acid dragon is heavily wounded.
The lightning rod overheats!
The white ugly thing pecks you. The white ugly thing freezes you!
* * * LOW HITPOINT WARNING * * *
Fire: q) +10 longbow "Raclao" {antimagic, rPois rF+ Str-2 Dex+4}
Press: ? - help, Q - select action, (/) - cycle Shift-Dir - straight line, f/p - acid dragon
Aim: an acid dragon (heavily wounded, 77% to hit)
You shoot an arrow. The arrow hits the white ugly thing!!
The white ugly thing is almost dead.
The white ugly thing pecks you!
* * * LOW HITPOINT WARNING * * *
The white ugly thing freezes you!
You die...

♣.♣♣ ♣♣.♣♣#.##..## ### ###.###
##### #...# ..#
♣♣♣♣♣..(((♣♣♣♣♣#...## ##...#
.###♣.♣♣.#####.♣♣.♣#....####.....
gy##.♣.♣.#...#.♣.♣.####..#.......
...#♣♣♣..##'##..♣♣♣#.......#.u<..
...# ♣♣♣.....♣♣♣ #....#####...#
...########.########...## ##...
................@u.D..## #...
#..#######..#####.#.### ##..
##..# #...# #...# #.. #..# #...#
#..## ##... #..## #...# #..#
##.... ##..# #...# ##..## ##.....
#..## ##...###....### ##......
###...###.............####..###..
##.........#.....###......<## #.


You could see a white ugly thing and an acid dragon.

Vanquished Creatures
  2 two-headed ogres
  Joseph (D:9)
  Maggie (D:7)
  3 wyverns
  A basilisk (D:9)
  A steam dragon (D:7)
  Menkaure (D:7)
  An acid dragon (D:8)
  4 water moccasins
  2 orc warriors
  3 black bears
  2 ogres (D:5)
  A centaur (D:6)
  A phantom (D:5)
  4 kobold brigands
  2 necrophages
  2 bullfrogs (D:6)
  4 scorpions
  9 wights (D:7)
  15 killer bees
  A howler monkey (D:6)
  2 hounds
  2 jellies
  4 orc priests
  2 gnoll boudas
  2 iguanas
  Natasha (thrice) (D:4)
  7 orc wizards
  15 gnolls
  9 adders
  3 shadow imps
  2 white imps
  An ufetubus (D:3)
  A worm (D:2)
  2 dart slugs
  25 orcs
  3 endoplasms
  3 giant cockroaches
  5 goblins
  12 hobgoblins
  3 quokkas
  4 ball pythons
  4 bats
  4 frilled lizards
  15 kobolds
  3 rats
197 creatures vanquished.

Vanquished Creatures (others)
  3 fungi (D:9)
  24 plants
27 creatures vanquished.

Grand Total: 224 creatures vanquished

Notes
Turn   | Place    | Note
-------+----------+-------------------------------------------
     0 | D:1      | Mitcholas the Deep Elf Hunter began the quest for the Orb.
     0 | D:1      | Reached XP level 1. HP: 12/12 MP: 3/3
   129 | D:1      | Reached XP level 2. HP: 14/17 MP: 4/4
   658 | D:1      | Found a faded altar of an unknown god.
   907 | D:2      | Reached XP level 3. HP: 21/21 MP: 5/5
  1240 | D:2      | Reached skill level 6 in Ranged Weapons
  1328 | D:2      | Found a sparkling altar of Nemelex Xobeh.
  1715 | D:3      | Reached XP level 4. HP: 26/26 MP: 6/6
  1809 | D:3      | Noticed a kobold brigand
  1811 | D:3      | Noticed a kobold brigand
  1817 | D:3      | Killed a kobold brigand
  1818 | D:3      | Reached XP level 5. HP: 31/31 MP: 7/7
  1821 | D:3      | Reached skill level 7 in Ranged Weapons
  2290 | D:3      | Reached XP level 6. HP: 36/36 MP: 8/8
  2626 | D:4      | Noticed Natasha
  2634 | D:4      | Killed Natasha
  2809 | D:4      | Found a glowing silver altar of Zin.
  2809 | D:4      | Found a broken altar of Ashenzari.
  2917 | D:4      | Noticed Natasha
  2923 | D:4      | Killed Natasha
  3188 | D:4      | Noticed Natasha
  3192 | D:4      | Killed Natasha
  3208 | D:4      | Reached skill level 8 in Ranged Weapons
  3219 | D:5      | Entered Level 5 of the Dungeon
  3306 | D:5      | Reached XP level 7. HP: 37/41 MP: 9/9
  3394 | D:5      | Reached skill level 5 in Dodging
  3442 | D:5      | Reached skill level 9 in Ranged Weapons
  3556 | D:5      | Found a runed translucent gate.
  3557 | D:5      | Found a runed translucent gate.
  3566 | D:5      | Noticed Vylera's ghost (novice DjWn)
  3650 | D:5      | Found a runed translucent gate.
  3768 | D:5      | Reached skill level 1 in Evocations
  3795 | D:5      | Reached XP level 8. HP: 48/48 MP: 10/10
  3808 | D:5      | Reached skill level 1 in Armour
  4150 | D:5      | Reached skill level 10 in Ranged Weapons
  4602 | D:6      | Noticed a two-headed ogre
  4792 | D:6      | Killed a two-headed ogre
  4793 | D:6      | Reached skill level 11 in Ranged Weapons
  4793 | D:6      | Reached XP level 9. HP: 52/52 MP: 11/11
  5216 | D:6      | Found Lelent's Jewellery Emporium.
  5219 | D:6      | Bought an amulet of reflection for 390 gold pieces
  5417 | D:6      | Found an iron altar of Okawaru.
  5535 | D:6      | Became a worshipper of Warmaster Okawaru
  5740 | D:7      | Noticed Menkaure
  5892 | D:8      | Found a blossoming altar of Fedhas.
  5892 | D:8      | Noticed Maurice
  5958 | D:8      | Reached skill level 5 in Fighting
  5970 | D:8      | Reached skill level 12 in Ranged Weapons
  6150 | D:7      | Found a staircase to the Ecumenical Temple.
  6204 | D:7      | Killed Menkaure
  6204 | D:7      | Reached * piety under Okawaru
  6529 | D:7      | Noticed Maggie
  6544 | D:7      | Killed Maggie
  6545 | D:7      | Reached skill level 5 in Evocations
  6545 | D:7      | Reached XP level 10. HP: 55/59 MP: 12/12
  7064 | D:8      | Reached ** piety under Okawaru
  7372 | D:8      | Noticed a white ugly thing
  7372 | D:8      | Noticed a two-headed ogre
  7926 | D:8      | Reached skill level 1 in Invocations
  7934 | D:8      | Reached skill level 13 in Ranged Weapons
  7937 | D:8      | Noticed a two-headed ogre
  7946 | D:8      | Killed a two-headed ogre
  7946 | D:8      | Reached *** piety under Okawaru
  8065 | D:8      | Noticed a two-headed ogre
  8101 | D:9      | Noticed Joseph
  8109 | D:9      | Killed Joseph
  8678 | D:9      | Identified a scroll of acquirement
  8678 | D:9      | Acquired the +10 longbow "Raclao" {antimagic, rPois rF+
                  | Str-2 Dex+4}
  8747 | D:8      | Mangled by a white ugly thing

Illustrated notes

Levels and vault maps discovered:
D:1:      tarquinn_simple_flora_water_e, layout_loops_ring,
          shapermc_ecumenical_altar_mp_highgroup, minmay_small_reverse_x
D:2:      layout_basic, serial_bayou, serial_bayou_pond_b, serial_bayou_shore_b,
          serial_bayou_lake_a, serial_bayou_shore_a, basic_altar
D:3:      cheibrodos_thug_alley, layout_rooms, serial_rivers,
          chequers_serial_rivers_micro_c, chequers_serial_rivers_marsh,
          chequers_serial_rivers_micro_b, chequers_serial_rivers_room_b,
          chequers_serial_rivers_small_b
D:4:      layout_loops_ring, chequers_temple_overflow_statue_of_worship,
          uniq_natasha
D:5:      layout_basic, gammafunk_ghost_split, wad_floor_pattern_untrapped,
          roderic_lattice_a
D:6:      layout_rooms, lemuel_coloured_pillars_altar, serial_shops,
          kennysheep_mini
D:7:      layout_cave_pools, minmay_temple_entry_glassed_door, uniq_maggie,
          uniq_menkaure
D:8:      nzn_winding_woodlands_cross [nzn_winding_woodlands_5x15_lazy_stream,
          nzn_winding_woodlands_5x15_parted, nzn_winding_woodlands_5x15_cabin,
          nzn_winding_woodlands_5x15_twine,
          nzn_winding_woodlands_15x15_thick_spiral], layout_layer_cave,
          fedhas_altar_1, uniq_maurice
D:9:      layout_irregular_city, chei_slow_surprise, marbit_many_paths,
          nicolae_qazlal_general_emergency, minmay_lair_entry_grove,
          grunt_ministairs_8, grunt_decor_junction, dreamdust_wishing_well,
          uniq_joseph

Skill      XL: |  1  2  3  4  5  6  7  8  9 10 |
---------------+-------------------------------+-----
Stealth        | 2 3 4 |  4.0
Fighting       | 2 3 4 5 6 |  6.0
Dodging        | 3 4 5 6 7 8 |  8.7
Ranged Weapons | 6 7 8 9 11 12 13 | 13.9
Evocations     | 1 3 5 6 |  6.0
Armour         | 2 3 4 |  4.0
Invocations    | 3 |  3.0

Action                   |  1- 3 |  4- 6 |  7- 9 | 10-12 || total
-------------------------+-------+-------+-------+-------++-------
 Fire: Shortbow          |   121 |   156 |   392 |   232 ||   901
       Longbow           |       |       |       |     7 ||     7
Evoke: Wand              |       |       |     9 |     2 ||    11
       Lightning rod     |       |       |       |     5 ||     5
  Use: Potion            |       |       |     2 |     1 ||     3
       Scroll            |       |       |     1 |    14 ||    15
Armor: Leather armour    |    12 |    14 |    21 |    13 ||    60
Dodge: Dodged            |    75 |    55 |   222 |   157 ||   509
Block: Other             |       |       |    20 |    48 ||    68
       Reflection        |       |       |       |     3 ||     3

Table legend: (Time is in decaauts)
 A = Elapsed time spent in this place.
 B = Non-inter-level travel time spent in this place.
 C = Inter-level travel time spent in this place.
 D = Time resting spent in this place.
 E = Time spent auto-exploring this place.
 F = Levels seen in this place.
 G = Mean time per level.
                   A        B        C        D        E       F      G
               +--------+--------+--------+--------+--------+-----+--------+
         Total |   8852 |   8379 |    473 |   1190 |   5418 |   9 |  983.6 |
       Dungeon |   8852 |   8379 |    473 |   1190 |   5418 |   9 |  983.6 |
               +--------+--------+--------+--------+--------+-----+--------+

Top non-repeatable levels by time:
     D:8: 1657 daAuts
     D:5: 1390 daAuts
     D:2: 1036 daAuts
     D:6: 965 daAuts
     D:4: 908 daAuts
     D:7: 884 daAuts
     D:1: 723 daAuts
     D:3: 718 daAuts
     D:9: 566 daAuts
